 Dungeon Crawl Stone Soup version 0.29-a0-409-gd843f3a48c (webtiles) character file.

Game seed: 10723444735189161756

68 jlumianski the Skirmisher (level 4, -4/35 HPs)
             Began as a Demonspawn Fighter on May 14, 2022.
             Killed from afar by an orc wizard (6 damage)
             ... with a magic dart
             ... on level 3 of the Dungeon.
             The game lasted 00:06:21 (2646 turns).

jlumianski the Skirmisher (Demonspawn Fighter)      Turns: 2646, Time: 00:06:22

Health: -4/35      AC:  6    Str: 19    XL:     4   Next: 1%
Magic:  4/4        EV:  9    Int:  9    God:
Gold:   178        SH:  4    Dex: 12    Spells: 3/3 levels left

rFire   . . .      SeeInvis .   a - +0 war axe
rCold   . . .      Faith    .   c - +0 buckler
rNeg    . . .      Spirit   .   b - +0 scale mail
rPois   .          Reflect  .   (no helmet)
rElec   .          Harm     .   (no cloak)
rCorr   .          Rampage  .   (no gloves)
Will    .....                   (no boots)
Stlth   ..........              (no amulet)
HPRegen 0.11/turn               (no ring)
MPRegen 0.18/turn               (no ring)

@: no status effects
A: demonic guardian 1, magic regeneration
a: no special abilities


You were on level 3 of the Dungeon.
You visited 1 branch of the dungeon, and saw 3 of its levels.

You collected 178 gold pieces.

Inventory:

Hand Weapons
 a - a +0 war axe (weapon)
 g - a +0 whip of freezing
Missiles
 e - 46 stones (quivered)
 k - 2 silver javelins
 n - 2 throwing nets
Armour
 b - a +0 scale mail (worn)
 c - a +0 buckler (worn)
 i - a +0 pair of gloves
Wands
 m - a wand of acid (3)
Scrolls
 f - a scroll of fog {unknown}
 h - a scroll of amnesia {unknown}
 j - a scroll of torment {unknown}
 l - 3 scrolls of blinking
 q - 2 scrolls of immolation
 s - a scroll of magic mapping {unknown}
Potions
 d - a potion of might
 o - a potion of mutation
 r - a potion of haste


   Skills:
 + Level 3.3 Fighting
 + Level 3.0 Axes
 + Level 3.0 Armour
 + Level 0.4 Dodging
 + Level 0.1 Stealth
 + Level 3.0 Shields


You had 3 spell levels left.
You didn't know any spells.
Your spell library contained the following spells:

 Spells                   Type           Power      Damage    Failure   Level
 Ensorcelled Hibernation  Hex/Ice        0%         N/A       94%         2
 Passwall                 Tmut/Erth      0%         N/A       94%         2
 Swiftness                Air            0%         N/A       99%         3


Dungeon Overview and Level Annotations

Branches:
Dungeon (3/15)

Altars:


Innate Abilities, Weirdness & Mutations

A weak demonic guardian rushes to your aid.
You regenerate magic rapidly.


Message History

You bump into the rock wall.
Something hits you but does no damage.
You bump into the rock wall.
Something hits you.
You miss something. Something hits you but does no damage.
You bump into the rock wall.
You hear some strange, mumbled words.
A puff of flame appears from out of thin air!
The puff of flame misses you.
You bump into the rock wall.
Something hits you but does no damage.
You hit something.
You feel less confused. Something hits you but does no damage.
You hear some strange, mumbled words.
A puff of flame appears from out of thin air!
The puff of flame hits you but does no damage.
You hit something but do no damage. Something hits you.
You miss something. Something hits you but does no damage.
You closely miss something. Something hits you.
A demonic guardian appears!
Something hits you.
* * * LOW HITPOINT WARNING * * *
You slash something!
An orc wizard appears from thin air!
Reactivating autopickup.
The orc wizard points at you and mumbles some strange words.
You resist with some effort.
You barely miss the orc wizard.
The orc wizard is almost dead.
The orc wizard points at you and mumbles some strange words.
The puff of flame hits you!
* * * LOW HITPOINT WARNING * * *
A demonic guardian appears!
You barely miss the orc wizard.
The orc wizard is almost dead.
You block the orc wizard's attack. The orc wizard barely misses you.
You barely miss the orc wizard.
The orc wizard is almost dead.
The orc wizard barely misses you.
You closely miss the orc wizard.
The orc wizard is almost dead.
The orc wizard casts a spell at you. The magic dart hits you.
You die...

#.####.## #.#.....#
##.#.....#
#........#
#......>. #.......
###########...##.#
#..55@oo.........#
#.##########......#
#.# ......... #.#
###.....#. #.#
#...## #†####.#
##.# #......# .#
####.####### o
#...........


You could see an orc wizard (ally target), an orc (ally target), a friendly
white imp (summoned) and a friendly shadow imp (summoned).

Vanquished Creatures
  An adder (D:2)
  A dart slug (D:1)
  5 ball pythons
  8 endoplasms
  A giant cockroach (D:3)
  8 goblins
  4 hobgoblins
  3 jackals (D:2)
  3 quokkas
  4 bats
  5 frilled lizards (D:1)
  5 kobolds
  3 rats
51 creatures vanquished.

Notes
Turn   | Place    | Note
-------+----------+-------------------------------------------
     0 | D:1      | jlumianski the Demonspawn Fighter began the quest for the
                  | Orb.
     0 | D:1      | Reached XP level 1. HP: 18/18 MP: 1/1
   415 | D:1      | Gained mutation: A weak demonic guardian rushes to your
                  | aid. [demonic ancestry]
   415 | D:1      | Reached XP level 2. HP: 14/24 MP: 2/2
   818 | D:1      | Found a faded altar of an unknown god.
  1162 | D:1      | Gained mutation: You regenerate magic rapidly. [demonic
                  | ancestry]
  1162 | D:1      | Reached XP level 3. HP: 26/29 MP: 3/3
  2632 | D:3      | Reached XP level 4. HP: 19/35 MP: 4/4
  2646 | D:3      | Killed from afar by an orc wizard

Illustrated notes

Levels and vault maps discovered:
D:1:      dpeg_arrival_castle, layout_loops_corners,
          ebering_ecumenical_altar_abandoned, dreamdust_wishing_well,
          hangedman_decor_diamond_cutter, minmay_cupped
D:2:      layout_basic, minmay_strange_pillars
D:3:      layout_loops_ring, grunt_decor_resistance, st_stairs_8,
          minmay_ruptured

Skill      XL: |  1  2  3 |
---------------+----------+-----
Axes           | 2 3 |  3.0
Shields        | 3 |  3.0
Armour         | 3 |  3.0
Fighting       | |  3.3
Dodging        | |  0.4
Stealth        | |  0.1

Action                   |  1- 3 |  4- 6 || total
-------------------------+-------+-------++-------
Melee: War axe           |   107 |    10 ||   117
Throw: Stone             |     5 |       ||     5
  Use: Scroll            |     4 |       ||     4
Armor: Scale mail        |    77 |     6 ||    83
Dodge: Dodged            |    71 |     3 ||    74
Block: Buckler           |    30 |     1 ||    31

Table legend: (Time is in decaauts)
 A = Elapsed time spent in this place.
 B = Non-inter-level travel time spent in this place.
 C = Inter-level travel time spent in this place.
 D = Time resting spent in this place.
 E = Time spent auto-exploring this place.
 F = Levels seen in this place.
 G = Mean time per level.
                   A        B        C        D        E       F      G
               +--------+--------+--------+--------+--------+-----+--------+
         Total |   2702 |   2654 |     48 |      0 |   1968 |   3 |  900.7 |
       Dungeon |   2702 |   2654 |     48 |      0 |   1968 |   3 |  900.7 |
               +--------+--------+--------+--------+--------+-----+--------+

Top non-repeatable levels by time:
     D:1: 1462 daAuts
     D:2: 1142 daAuts
     D:3: 97 daAuts
